 Dungeon Crawl Stone Soup version 0.29-a0-837-g174bc33 (webtiles) character file.

Game seed: 14046407637745562523

875 GeorgeSoros the Chiller (level 7, -1/46 HPs)
             Began as a Demonspawn Ice Elementalist on July 13, 2022.
             Slain by an ogre
             ... wielding a +0 giant spiked club
              (29 damage)
             ... on level 5 of the Dungeon.
             The game lasted 00:15:50 (5409 turns).

GeorgeSoros the Chiller (DsIE)                      Turns: 5409, Time: 00:15:55

Health: -1/46      AC: 16    Str:  8    XL:     7   Next: 74%
Magic:  4/10       EV: 15    Int: 19    God:
Gold:   229        SH:  4    Dex: 13    Spells: 3/10 levels left

rFire   . . .      SeeInvis .   d - +1 spear
rCold   + . .      Faith    .   (no shield)
rNeg    . . .      Spirit   .   e - +0 leather armour
rPois   .          Reflect  .   h - +0 helmet
rElec   .          Harm     .   (no cloak)
rCorr   .          Rampage  .   (no gloves)
Will    .....                   c - +1 pair of boots
Stlth   ++........              (no amulet)
HPRegen 0.15/turn               r - +4 ring of evasion
MPRegen 0.12/turn               (no ring)

@: ice-armoured, freezing walls
A: icy blue scales 3, condensation shield
a: no special abilities


You were on level 5 of the Dungeon.
You visited 1 branch of the dungeon, and saw 5 of its levels.

You collected 229 gold pieces.

Inventory:

Hand Weapons
 d - a +1 spear (weapon)
Missiles
 o - a throwing net
 s - 6 curare-tipped darts
Armour
 c - a +1 pair of boots (worn)
 e - a +0 leather armour (worn)
 h - a +0 helmet (worn)
 k - a +2 chain mail of cold resistance
Jewellery
 r - a +4 ring of evasion (left hand)
Scrolls
 p - a scroll of poison
 q - a scroll of amnesia
Potions
 a - a potion of mutation {unknown}
 b - a potion of magic
 f - 2 potions of lignification
 g - 2 potions of might {unknown}
 i - 3 potions of heal wounds {unknown}
 j - a potion of invisibility {unknown}
 l - 2 potions of haste {unknown}
 m - a potion of cancellation {unknown}
 n - a potion of curing {unknown}


   Skills:
 + Level 4.2 Armour
 - Level 1.7 Dodging
 - Level 1.7 Stealth
 - Level 2.0 Spellcasting
 + Level 7.7 Ice Magic


You had 3 spell levels left.
You knew the following spells:

 Your Spells              Type           Power      Damage    Failure   Level
a - Freeze                Ice            100%       1d11      1%          1
b - Frozen Ramparts       Ice            62%        1d8       3%          3
c - Ozocubu's Armour      Ice            31%        N/A       3%          3

Your spell library contained the following spells:

 Spells                   Type           Power      Damage    Failure   Level
 Ensorcelled Hibernation  Hex/Ice        32%        N/A       7%          2
 Spider Form              Tmut/Pois      1%         N/A       56%         3
 Hailstorm                Conj/Ice       16%        3d6       43%         4
 Anguish                  Hex/Necr       0%         N/A       92%         4


Dungeon Overview and Level Annotations

Branches:
Dungeon (5/15)
 Temple: D:4-7

Altars:
Wu Jian

Shops:
D:4 :*:*


Innate Abilities, Weirdness & Mutations

You are completely covered in icy blue scales. (AC +4, rC+)
A meltable shield of frost defends you. (SH +4)


Message History

Your icy armour evaporates.
Items here: )) [ †††††.
Things that are here:
a +0 halberd; a +0 halberd; a gnoll corpse
Found 7 stones.
An ogre and a wyvern come into view.
The wyvern hisses angrily.
Things that are here:
a +0 halberd; a +0 halberd; a gnoll corpse
Items here: )) [ †††††.
Casting: Frozen Ramparts (dangerous; 3% risk of failure)
Confirm with . or Enter, or press ? or * to list all spells.
A film of ice covers your body! The wyvern closely misses you.
The wyvern bites you.
Casting: Ozocubu's Armour (dangerous; 3% risk of failure)
Confirm with . or Enter, or press ? or * to list all spells.
Casting: Frozen Ramparts (dangerous; 3% risk of failure)
Press: ? - help, Dir - look around, f - activate The walls around you are covered in ice.
The wall freezes the wyvern.
The wyvern bites you but does no damage.
You hit the wyvern but do no damage.
The wyvern is lightly wounded.
The wall freezes the wyvern.
The wyvern bites you!
The wall freezes the wyvern.
You block the wyvern's attack.
You barely miss the wyvern.
The wyvern is heavily wounded.
The wall freezes the wyvern.
The wyvern bites you.
You barely miss the wyvern.
The wyvern is heavily wounded.
The wall freezes the wyvern.
You block the wyvern's attack.
The wall freezes the ogre.
The wall freezes the wyvern.
The wyvern misses you.
You hit the wyvern.
The wyvern is almost dead.
The wall freezes the ogre.
The wall freezes the wyvern.
You kill the wyvern!
The wall freezes the ogre.
The ogre hits you with a +0 giant spiked club!!
Ouch! That really hurt!
You die...

#.#.#
###.##..#.#.......#
#.#..
.......>........#
#.#.#
#..#.#.......# .
..#....$.......# #.
O..............# ..
#.#........#
#..........# . ..
###).......# .#
....####@########
.. #....O.# ..
..#####..# #.
_.....'.## #.#####
..#####.#
#.....#####.....#
##........).#####
........#####
........#


You could see an ogre.

Vanquished Creatures
  Sigmund (D:2)
  A wyvern (D:5)
  An ice beast (D:4)
  An ogre (D:4)
  A phantom (D:5)
  A gnoll sergeant (D:5)
  A necrophage (D:5)
  A scorpion (D:4)
  A gnoll bouda (D:5)
  A jelly (D:4)
  2 iguanas (D:5)
  An adder (D:3)
  7 gnolls (D:5)
  A worm (D:3)
  6 dart slugs
  An orc (D:4)
  7 ball pythons
  3 bats
  5 endoplasms
  2 giant cockroaches
  11 goblins
  10 hobgoblins
  5 quokkas
  A frilled lizard (D:2)
  11 kobolds
  2 rats
85 creatures vanquished.

Vanquished Creatures (collateral kills)
  A quokka (D:5)
1 creature vanquished.

Vanquished Creatures (others)
  A plant (D:3)
1 creature vanquished.

Grand Total: 87 creatures vanquished

Notes
Turn   | Place    | Note
-------+----------+-------------------------------------------
     0 | D:1      | GeorgeSoros the Demonspawn Ice Elementalist began the quest
                  | for the Orb.
     0 | D:1      | Reached XP level 1. HP: 13/13 MP: 3/3
   328 | D:1      | Reached skill level 4 in Ice Magic
   362 | D:1      | Gained mutation: You are partially covered in icy blue
                  | scales. (AC +2) [demonic ancestry]
   362 | D:1      | Reached XP level 2. HP: 19/19 MP: 5/5
  1305 | D:2      | Noticed Sigmund
  1317 | D:2      | Killed Sigmund
  1318 | D:2      | Reached skill level 6 in Ice Magic
  1318 | D:2      | Reached XP level 3. HP: 8/24 MP: 1/6
  1318 | D:2      | Reached XP level 4. HP: 11/30 MP: 1/7
  1318 | D:2      | Gained mutation: You are mostly covered in icy blue scales.
                  | (AC +3) [demonic ancestry]
  1318 | D:2      | Reached XP level 5. HP: 13/35 MP: 1/8
  1610 | D:2      | Learned a level 3 spell: Frozen Ramparts
  1614 | D:2      | Learned a level 3 spell: Ozocubu's Armour
  2107 | D:2      | Found a faded altar of an unknown god.
  2868 | D:3      | Reached skill level 1 in Armour
  3430 | D:4      | Found Homaez's Book Shop.
  3865 | D:4      | Gained mutation: You are completely covered in icy blue
                  | scales. (AC +4, rC+) [demonic ancestry]
  3865 | D:4      | Reached XP level 6. HP: 41/41 MP: 9/9
  4019 | D:4      | Found Uchiteav's Assorted Antiques.
  4321 | D:4      | Noticed an ice beast
  4356 | D:4      | Killed an ice beast
  4357 | D:4      | Reached skill level 7 in Ice Magic
  4583 | D:4      | Gained mutation: A meltable shield of frost defends you.
                  | (SH +4) [demonic ancestry]
  4583 | D:4      | Reached XP level 7. HP: 43/46 MP: 3/10
  4704 | D:4      | Found Kani's General Store.
  4803 | D:4      | Found Abbujuih's Book Boutique.
  4826 | D:5      | Entered Level 5 of the Dungeon
  5231 | D:5      | Found an ornate altar of the Wu Jian Council.
  5400 | D:5      | Noticed a wyvern
  5409 | D:5      | Killed a wyvern
  5409 | D:5      | Slain by an ogre

Illustrated notes

Levels and vault maps discovered:
D:1:      lemuel_arrival_muddy, layout_loops_ring,
          chequers_serial_rivers_large_b, minmay_misc_feat_x
D:2:      layout_loops_corners, basic_altar, chequers_ecumenical_altar_simple,
          uniq_sigmund
D:3:      corexii_shack_village, layout_basic, dk_vineyard_2
D:4:      layout_basic, overflow_temple_1_default, serial_shops,
          nicolae_shop_waterfront, kennysheep_little_box,
          nicolae_lakefront_shop, shop_fountains, lemuel_another_geyser
D:5:      layout_basic, mainiacjoe_overflow_surrounded_room, st_stairs_14

Skill      XL: |  1  2  3  4  5  6  7 |
---------------+----------------------+-----
Ice Magic      | 4 6 7 |  7.7
Armour         | 1 3 4 |  4.2
Dodging        | |  1.7
Stealth        | |  1.7
Spellcasting   | |  2.0

Action                   |  1- 3 |  4- 6 |  7- 9 || total
-------------------------+-------+-------+-------++-------
Melee: Spear             |    63 |   166 |    39 ||   268
       Punch             |     1 |       |     1 ||     2
 Cast: Freeze            |    21 |    19 |       ||    40
       Frozen Ramparts   |       |     4 |     8 ||    12
       Ozocubu's Armour  |       |     3 |     7 ||    10
  Use: Scroll            |     5 |     6 |     1 ||    12
 Stab: Sleeping          |     5 |    10 |       ||    15
Armor: Leather armour    |    17 |    64 |    10 ||    91
Dodge: Dodged            |    36 |    50 |    18 ||   104
Block: Other             |       |       |     3 ||     3

Table legend: (Time is in decaauts)
 A = Elapsed time spent in this place.
 B = Non-inter-level travel time spent in this place.
 C = Inter-level travel time spent in this place.
 D = Time resting spent in this place.
 E = Time spent auto-exploring this place.
 F = Levels seen in this place.
 G = Mean time per level.
                   A        B        C        D        E       F      G
               +--------+--------+--------+--------+--------+-----+--------+
         Total |   5464 |   5082 |    382 |    169 |   4072 |   5 | 1092.8 |
       Dungeon |   5464 |   5082 |    382 |    169 |   4072 |   5 | 1092.8 |
               +--------+--------+--------+--------+--------+-----+--------+

Top non-repeatable levels by time:
     D:4: 1403 daAuts
     D:2: 1387 daAuts
     D:3: 1196 daAuts
     D:1: 969 daAuts
     D:5: 508 daAuts
